 Dungeon Crawl Stone Soup version 0.27-a0-1202-ge72e49191c (webtiles) character file.

Game seed: 2212256654286158125

168 quinnr the Shield-Bearer (level 5, -7/37 HPs)
             Began as a Djinni Transmuter on June 2, 2021.
             Was an Initiate of Hepliaklqana.
             Mangled by a wyvern (13 damage)
             ... on level 4 of the Dungeon.
             The game lasted 00:12:44 (4398 turns).

quinnr the Shield-Bearer (Djinni Transmuter)        Turns: 4398, Time: 00:12:45

Health: -7/37      AC:  2    Str:  9    XL:     5   Next: 77%
Gold:   145        EV: 19    Int: 15    God:    Hepliaklqana [......] SH:  0 Dex: 19

rFire    . . .     SeeInvis .     - Unarmed
rCold    . . .     Faith    .   (shield currently unavailable)
rNeg     . . .     Spirit   .   (armour currently unavailable)
rPois    ∞         Reflect  .   (helmet currently unavailable)
rElec    .         Harm     .   (cloak currently unavailable)
rCorr    .         Rampage  .   (gloves currently unavailable)
Will     .....                  (boots unavailable)
Stlth    ++........             (no amulet)
HPRegen  0.12/turn              (no ring)
MPRegen  0.00/turn              (no ring)

@: spider-form, flying, very slightly contaminated, hasted, very quick
A: venomous fangs, flying, sickness immunity, tiny, (fire resistance 2), (cold
vulnerability 1), float, innate caster, hp casting, extra vitality 1
a: End Transformation, Renounce Religion


You were on level 4 of the Dungeon.
You worshipped Hepliaklqana.
Hepliaklqana was noncommittal.
You were a venomous arachnid creature.
You visited 1 branch of the dungeon, and saw 4 of its levels.

You collected 145 gold pieces.

Inventory:

Missiles
 f - 5 boomerangs
Armour
 a - a +0 robe (melded)
 i - a +0 buckler (melded)
 l - a +0 cloak (melded)
 u - a +1 pair of gloves (melded)
Jewellery
 m - a ring of fire
 r - a ring of fire
 s - a ring of see invisible
Wands
 q - a wand of polymorph (5)
 w - a wand of paralysis (7)
Scrolls
 b - a scroll of silence {unknown}
 c - a scroll of identify {unknown}
 d - 2 scrolls of magic mapping {unknown}
 e - a scroll of fog {unknown}
 h - a scroll of enchant armour {unknown}
 j - a scroll of teleportation {unknown}
 k - a scroll of amnesia {unknown}
 p - a scroll of noise {unknown}
 t - a scroll of immolation {unknown}
Potions
 g - a potion of haste
 n - a potion of invisibility {unknown}
 o - 2 potions of brilliance {unknown}
 v - a potion of heal wounds {unknown}


   Skills:
 - Level 1.0 Fighting
 - Level 2.1 Dodging
 * Level 3.4 Shields
 + Level 3.2 Unarmed Combat
 - Level 3.0 Spellcasting


You couldn't memorise any spells.
You knew the following spells:

 Your Spells              Type           Power      Damage    Failure   Level
a - Beastly Appendage     Tmut           22%        N/A       17%         1
b - Wereblood             Tmut           11%        N/A       22%         2
c - Spider Form           Tmut/Pois      5%         N/A       36%         3
d - Ice Form              Ice/Tmut       11%        N/A       71%         4
e - Hydra Form            Tmut           5%         N/A       95%         5
f - Apportation           Tloc           22%        N/A       17%         1
g - Static Discharge      Conj/Air       11%        N/A       22%         2
Your spell library was empty.

Dungeon Overview and Level Annotations

Branches:
Dungeon (4/15)
 Temple: D:4-7

Altars:
Gozag
Hepliaklqana
Okawaru
Qazlal
Ru
Sif Muna
Yredelemnul
The Shining One


Innate Abilities, Weirdness & Mutations

You are a venomous arachnid creature.
You have poisonous fangs.
You are tiny and dextrous.
You are flying.
Your spellcasting is less reliable in this form.
Your armour is entirely melded.
You are incapable of wielding weapons or throwing items.
You are immune to sickness and miasma.
You are immune to poison.
((Your flesh is very heat resistant. (rF++)))
((You are vulnerable to cold. (rC-)))
You float through the air rather than walking.
You learn spells naturally, not from books.
Your magical power is your life essence.
You have superior vitality. (+4 HP)


Message History

You kill the adder!
You see here an adder corpse.
Your transformation is almost over.
You see here an adder corpse.
You now have 145 gold pieces (gained 8).
Your horns disappear.
w - a wand of paralysis (7)
A wyvern comes into view.
The wyvern hisses angrily.
Casting: Beastly Appendage (safe; 6% risk of failure)
Confirm with . or Enter, or press ? or * to list all spells.
The spell is quite dangerous to cast (19% risk of failure)!
Continue anyway?
You miscast Spider Form.
You are very lightly contaminated with residual magic.
Nothing appears to happen.
The wyvern bites you.
Casting: Spider Form (quite dangerous; 19% risk of failure)
Confirm with . or Enter, or press ? or * to list all spells.
The spell is quite dangerous to cast (19% risk of failure)!
Continue anyway?
You miscast Spider Form.
Nothing appears to happen.
The wyvern bites you.
The wyvern bites you but does no damage.
Casting: Spider Form (quite dangerous; 19% risk of failure)
Confirm with . or Enter, or press ? or * to list all spells.
The spell is quite dangerous to cast (19% risk of failure)!
Continue anyway?
You turn into a venomous arachnid creature.
Your +0 cloak melds into your body.
Your +1 pair of gloves melds into your body.
Your +0 buckler melds into your body.
Your +0 robe melds into your body.
The wyvern misses you.
You barely miss the wyvern. The wyvern closely misses you.
The wyvern completely misses you.
You hit the wyvern.
The wyvern is lightly wounded.
The wyvern closely misses you.
You hit the wyvern but do no damage.
The wyvern is lightly wounded.
The wyvern misses you. The wyvern bites you!
* * * LOW HITPOINT WARNING * * *
The wyvern misses you.
It was a potion of haste.
You feel yourself speed up. The wyvern bites you!
You die...

#.........>......#
#........#..## #.#
#.....##....####.#
.........#......#.#
.......#.#.#.##.#.#
##.##......#.##.#.######
#. ####.###...........#
# #.......###..#####.#
#.......# #.s####
#.......# #..l..#
#.......# ##.##.#
#.......# #.##.#
#...>>.†# #.....
#.......# ###..##
######### #.## #. #.


You could see a wyvern.

Vanquished Creatures
  A water moccasin skeleton (D:4)
  Ijyb (D:3)
  2 adders
  A worm (D:2)
  A dart slug (D:3)
  2 orcs (D:3)
  5 ball pythons
  7 endoplasms
  2 giant cockroaches
  5 goblins
  6 hobgoblins
  2 jackals (D:1)
  6 quokkas
  9 bats
  2 frilled lizards (D:3)
  6 kobolds
  8 rats
66 creatures vanquished.

Notes
Turn   | Place    | Note
-------+----------+-------------------------------------------
     0 | D:1      | quinnr the Djinni Transmuter began the quest for the Orb.
     0 | D:1      | Reached XP level 1. HP: 17/17 MP: 0/0
   199 | D:1      | Reached XP level 2. HP: 11/22 MP: 0/0
   793 | D:1      | Found a faded altar of an unknown god.
   860 | D:1      | Became a worshipper of the Shining One
   860 | D:1      | Reached * piety under the Shining One
  1115 | D:1      | Reached XP level 3. HP: 24/27 MP: 0/0
  1115 | D:1      | Learned a level 1 spell: Apportation
  2134 | D:2      | Reached XP level 4. HP: 30/32 MP: 0/0
  2509 | D:2      | quinnr: ??spider form
  2509 | D:2      | beem: spider form[1/2]: No weapons or armour, but you get
                  | (UC + 5) base damage (untransformed is UC + 3), a venomous
                  | bite, loads of EV (better than being a spriggan) and
                  | impeded spellcasting. Spider form has 2 AC and rPois-
  2509 | D:2      | quinnr: ??UC
  2509 | D:2      | beem: unarmed combat[1/3]: Fighting without a weapon. Base
                  | damage is 3 + UC skill (+2 per claws level (so +6 Tr, +2
                  | Gh), +X for forms); delay 1.0 - UC/54.0; +2 to hit.
  2673 | D:3      | Noticed Ijyb
  2686 | D:3      | Killed Ijyb
  2687 | D:3      | Reached skill level 1 in Shields
  3018 | D:3      | Found a hazy altar of Hepliaklqana.
  3019 | D:3      | Found a basalt altar of Yredelemnul.
  3021 | D:3      | Found an opulent altar of Gozag.
  3023 | D:3      | Found an iron altar of Okawaru.
  3078 | D:3      | Fell from the grace of the Shining One
  3078 | D:3      | Became a worshipper of Hepliaklqana the Forgotten
  3146 | D:3      | Reached XP level 5. HP: 34/37 MP: 0/0
  3146 | D:3      | Learned a level 2 spell: Static Discharge
  3283 | D:3      | Found a stormy altar of Qazlal.
  4106 | D:4      | Found a sacrificial altar of Ru.
  4387 | D:4      | Noticed a wyvern
  4398 | D:4      | Mangled by a wyvern

Illustrated notes

Levels and vault maps discovered:
D:1:      ncdulo_lavacross, layout_loops_ring, ebering_ecumenical_altar_rust,
          st_stairs_5
D:2:      layout_basic
D:3:      layout_basic, lemuel_doored_altar, grunt_temple_overflow_open,
          hangedman_feature_mirror, uniq_ijyb
D:4:      layout_loops_cross, overflow_temple_1_default, temple_pool_b,
          serial_shops, shop

Skill      XL: |  1  2  3  4  5 |
---------------+----------------+-----
Spellcasting   | 2 3 |  3.0
Shields        | 2 3 |  3.4
Fighting       | |  1.0
Dodging        | |  2.1
Unarmed Combat | |  3.2

Action                   |  1- 3 |  4- 6 || total
-------------------------+-------+-------++-------
Melee: Unarmed           |    86 |   113 ||   199
       Headbutt          |    14 |     7 ||    21
 Cast: Beastly Appendage |    20 |    13 ||    33
       Wereblood         |    10 |     6 ||    16
       Spider Form       |       |     9 ||     9
       Apportation       |       |     2 ||     2
       Static Discharge  |       |     2 ||     2
  Use: Potion            |       |     1 ||     1
Armor: Robe              |    14 |    17 ||    31
       Skin              |       |     4 ||     4
Dodge: Dodged            |    36 |    65 ||   101
Block: Buckler           |     4 |    21 ||    25

Table legend: (Time is in decaauts)
 A = Elapsed time spent in this place.
 B = Non-inter-level travel time spent in this place.
 C = Inter-level travel time spent in this place.
 D = Time resting spent in this place.
 E = Time spent auto-exploring this place.
 F = Levels seen in this place.
 G = Mean time per level.
                   A        B        C        D        E       F      G
               +--------+--------+--------+--------+--------+-----+--------+
         Total |   4394 |   4320 |     74 |    944 |   2693 |   4 | 1098.5 |
       Dungeon |   4394 |   4320 |     74 |    944 |   2693 |   4 | 1098.5 |
               +--------+--------+--------+--------+--------+-----+--------+

Top non-repeatable levels by time:
     D:3: 1729 daAuts
     D:1: 1564 daAuts
     D:2: 979 daAuts
     D:4: 121 daAuts
